 Dungeon Crawl Stone Soup version 0.28.0 (webtiles) character file.

Game seed: 2092475563673145817

56 Eitelfritz the Slasher (level 3, 0/30 HPs)
             Began as a Minotaur Gladiator on Feb 11, 2022.
             Slain by a gnoll (1 damage)
             ... on level 2 of the Dungeon.
             The game lasted 00:01:41 (1140 turns).

Eitelfritz the Slasher (Minotaur Gladiator)         Turns: 1140, Time: 00:01:41

Health: 0/30       AC:  3    Str: 18    XL:     3   Next: 69%
Magic:  2/2        EV: 12    Int:  7    God:
Gold:   45         SH:  0    Dex: 11    Spells: 2/2 levels left

rFire   . . .      SeeInvis .   a - +0 long sword
rCold   . . .      Faith    .   (no shield)
rNeg    . . .      Spirit   .   b - +0 leather armour
rPois   .          Reflect  .   c - +0 hat
rElec   .          Harm     .   (no cloak)
rCorr   .          Rampage  .   (no gloves)
Will    .....                   (no boots)
Stlth   +.........              (no amulet)
HPRegen 0.10/turn               (no ring)
MPRegen 0.08/turn               (no ring)

@: no status effects
A: horns 2, retaliatory headbutt
a: no special abilities


You were on level 2 of the Dungeon.
You visited 1 branch of the dungeon, and saw 2 of its levels.

You collected 45 gold pieces.

Inventory:

Hand Weapons
 a - a +0 long sword (weapon)
Missiles
 d - 3 throwing nets (quivered)
 e - 11 poisoned darts
Armour
 b - a +0 leather armour (worn)
 c - a +0 hat (worn)
Potions
 f - a potion of lignification {unknown}
 g - a potion of resistance {unknown}


   Skills:
 + Level 2.8 Fighting
 + Level 4.5 Long Blades
 + Level 2.1 Throwing
 + Level 1.0 Armour
 + Level 4.0 Dodging


You had 2 spell levels left.
You didn't know any spells.
Your spell library was empty.

Dungeon Overview and Level Annotations

Branches:
Dungeon (2/15)

Altars:


Innate Abilities, Weirdness & Mutations

You have a pair of horns on your head.
You reflexively headbutt those who attack you in melee.


Message History

The gnoll shouts!
You hear a shout!
A gnoll comes into view. It is wielding a +0 club.
The gnoll shouts!
You see here a +0 club.
There is a stone staircase leading up here.
There is a stone staircase leading up here.
The gnoll completely misses you. The gnoll closely misses you.
There is a stone staircase leading up here.
The gnoll barely misses you.
You climb upwards.
There is a stone staircase leading down here.
You slash the gnoll! You headbutt the gnoll.
You kill the gnoll!
Your Dodging skill increases to level 4!
You see here a +0 halberd.
There is a stone staircase leading down here.
You climb downwards.
The gnoll closely misses you. The gnoll hits you with a +0 club!
There is a stone staircase leading up, spattered with blood here.
You barely miss the gnoll. The gnoll closely misses you.
You hit the gnoll.
The gnoll is moderately wounded.
The gnoll hits you with a +0 club.
You barely miss the gnoll.
The gnoll is moderately wounded.
The gnoll hits you with a +0 club!
You hit the gnoll. Your headbutt misses the gnoll.
The gnoll is heavily wounded.
The gnoll hits you with a +0 club.
* * * LOW HITPOINT WARNING * * *
You hit the gnoll.
You kill the gnoll!
You closely miss the gnoll. Your headbutt misses the gnoll.
The gnoll hits you with a +0 club!
* * * LOW HITPOINT WARNING * * *
You hit the gnoll. Your headbutt misses the gnoll.
The gnoll is moderately wounded.
The gnoll barely misses you. The gnoll hits you with a +0 club.
You die...

..# ..# #.# #.#
#.# # #.# $# #
#.##########.##..#
#..@g.)..........#
########..........
#.###.##... #.# #
#.# #.# ..# ###


You could see a gnoll.

Vanquished Creatures
  2 gnolls
  A dart slug (D:1)
  3 bats (D:1)
  3 endoplasms (D:1)
  2 giant cockroaches (D:1)
  7 goblins
  2 hobgoblins
  A quokka (D:1)
  4 ball pythons
  A frilled lizard (D:1)
  6 kobolds (D:1)
  A rat (D:1)
33 creatures vanquished.

Notes
Turn   | Place    | Note
-------+----------+-------------------------------------------
     0 | D:1      | Eitelfritz the Minotaur Gladiator began the quest for the
                  | Orb.
     0 | D:1      | Reached XP level 1. HP: 18/18 MP: 0/0
   287 | D:1      | Reached XP level 2. HP: 25/25 MP: 1/1
   885 | D:1      | Reached XP level 3. HP: 28/30 MP: 2/2
  1108 | D:2      | Reached skill level 1 in Armour
  1139 | D:2      | HP: 1/30 [gnoll (7)]
  1140 | D:2      | Slain by a gnoll

Illustrated notes

Levels and vault maps discovered:
D:1:      shiori_arrival_oz, layout_loops_ring,
          nicolae_concentric_dashed_squares_mild, dk_noncrumbling_2
D:2:      layout_loops_ring, serial_shops, shop_statue

Skill      XL: |  1  2  3 |
---------------+----------+-----
Long Blades    | 4 |  4.5
Armour         | 1 |  1.0
Dodging        | 4 |  4.0
Fighting       | |  2.8
Throwing       | |  2.1

Action                   || total
-------------------------++-------
Melee: Long sword        ||    64
       Headbutt          ||     9
Armor: Leather armour    ||    10
Dodge: Dodged            ||    36
